TOP OF THE 1ST |
New Orleans Zephyrs batting - Pitching for Memphis Redbirds : RHP Manuel Avitia
|
Pitching: RHP Manuel Avitia
|
|
Batting: LHB Tom Best
|
0-0: Swinging Strike 0-1: Ball 1-1: Ball 2-1: Ball 3-1: Called Strike 3-2: Foul Ball, location: 2F 3-2: Ground out 4-3 (Groundball, 34, EV 97.5 MPH)
|
Batting: LHB Manny Barahona
|
0-0: Ball 1-0: Fly out, F7 (Flyball, 7S, EV 70.6 MPH)
|
Batting: LHB Kyle Goodwin
|
0-0: Ball 1-0: Foul Ball, location: 2F 1-1: Foul Ball, location: 2F 1-2: Ball 2-2: SINGLE (Groundball, 34D, EV 96.9 MPH)
|
Batting: RHB Chris Pena
|
0-0: Called Strike 0-1: Swinging Strike 0-2: Strikes out swinging
|
Top of the 1st over - 0 runs, 1 hit, 0 errors, 1 left on base; New Orleans 0 - Memphis 0 |
BOTTOM OF THE 1ST |
Memphis Redbirds batting - Pitching for New Orleans Zephyrs : LHP Nick Rousseau
|
Pitching: LHP Nick Rousseau
|
|
Batting: LHB Zack Berney
|
0-0: Ball 1-0: Foul Ball, location: 2F 1-1: Ball 2-1: Foul Ball, location: 2F 2-2: Ground out 3-1 (Groundball, 34D, EV 96.3 MPH)
|
Batting: RHB Francisco Hernandez
|
0-0: Swinging Strike 0-1: Ball 1-1: SOLO HOME RUN (Flyball, 78XD, EV 111.3 MPH), Distance : 442 ft
|
Batting: RHB Jose Vasquez
|
0-0: Swinging Strike 0-1: Ball 1-1: Ground out 3-1 (Groundball, 34, EV 101.9 MPH)
|
Batting: SHB Quido van Erp
|
0-0: Ball 1-0: Swinging Strike 1-1: Ball 2-1: Called Strike 2-2: Ball 3-2: Strikes out looking
|
Bottom of the 1st over - 1 run, 1 hit, 0 errors, 0 left on base; New Orleans 0 - Memphis 1 |
TOP OF THE 2ND |
New Orleans Zephyrs batting - Pitching for Memphis Redbirds : RHP Manuel Avitia
|
Batting: RHB Bobby Paredes
|
0-0: Swinging Strike 0-1: Swinging Strike 0-2: Foul Ball, location: 2F 0-2: Ball 1-2: Strikes out looking
|
Batting: RHB Manny Gonzalez
|
0-0: Called Strike 0-1: Ball 1-1: Foul Ball, location: 2F 1-2: Fly out, F9 (Flyball, 9LM, EV 102.5 MPH)
|
Batting: RHB Sergio Baeza
|
0-0: Ball 1-0: Ball 2-0: Ball 3-0: Called Strike 3-1: Called Strike 3-2: Foul Ball, location: 2F 3-2: Foul Ball, location: 2F 3-2: Ground out 6-3 (Groundball, 6, EV 99.4 MPH)
|
Top of the 2nd over - 0 runs, 0 hits, 0 errors, 0 left on base; New Orleans 0 - Memphis 1 |
BOTTOM OF THE 2ND |
Memphis Redbirds batting - Pitching for New Orleans Zephyrs : LHP Nick Rousseau
|
Batting: RHB Reed Ryan
|
0-0: Ball 1-0: DOUBLE (Line Drive, 7LD, EV 106.3 MPH)
|
Batting: LHB Paul Forbes
|
0-0: Ball 1-0: Swinging Strike 1-1: Foul Ball, location: 2F 1-2: Ball 2-2: Foul Ball, location: 2F 2-2: Strikes out looking
|
Pitching: RHP Vic Flores
|
|
Batting: RHB Alex Harvey
|
0-0: Called Strike 0-1: Ball 1-1: Fly out, F8 (Line Drive, 8RD, EV 98.1 MPH)
|
Batting: RHB Elliot Manfredini
|
0-0: Ball 1-0: Ball 2-0: 2-RUN HOME RUN (Flyball, 9D, EV 94.4 MPH), Distance : 374 ft
|
Batting: RHB Hector Padilla
|
0-0: DOUBLE (Line Drive, 78XD, EV 108.8 MPH)
|
Batting: LHB Zack Berney
|
0-0: Called Strike Hector Padilla steals 3rd base 0-1: Ball 1-1: Ball 2-1: Swinging Strike 2-2: Ball 3-2: Base on Balls
|
Batting: RHB Francisco Hernandez
|
0-0: Called Strike 0-1: Ball 1-1: DOUBLE (Flyball, 7LM, EV 101.9 MPH) Hector Padilla scores Zack Berney to third Runner from 3rd tries for Home, SAFE, no throw by LF
|
Pitching: RHP Philip Veenstra
|
|
Batting: RHB Jose Vasquez
|
0-0: Ball 1-0: SINGLE (Line Drive, 9S, EV 102.5 MPH) Francisco Hernandez to third Runner from 3rd tries for Home, SAFE, throw by RF to home
|
Batting: SHB Quido van Erp
|
0-0: Ball 1-0: Ground out 4-3 (Groundball, 34D, EV 90.6 MPH)
|
Bottom of the 2nd over - 5 runs, 5 hits, 0 errors, 1 left on base; New Orleans 0 - Memphis 6 |
TOP OF THE 3RD |
New Orleans Zephyrs batting - Pitching for Memphis Redbirds : RHP Manuel Avitia
|
Batting: LHB Philip Shirley
|
0-0: Swinging Strike 0-1: Swinging Strike 0-2: Strikes out swinging
|
Batting: RHB Chris Whitley
|
0-0: Fly out, F9 (Flyball, 9LD, EV 98.8 MPH)
|
Batting: LHB Tom Best
|
0-0: Called Strike 0-1: Ball 1-1: Swinging Strike 1-2: Strikes out looking
|
Top of the 3rd over - 0 runs, 0 hits, 0 errors, 0 left on base; New Orleans 0 - Memphis 6 |
BOTTOM OF THE 3RD |
Memphis Redbirds batting - Pitching for New Orleans Zephyrs : RHP Philip Veenstra
|
Batting: RHB Reed Ryan
|
0-0: Ball 1-0: Ball 2-0: Foul Ball, location: 2F 2-1: Fly out, F7 (Flyball, 7D, EV 94.4 MPH)
|
Batting: LHB Paul Forbes
|
0-0: Swinging Strike 0-1: Ball 1-1: Ball 2-1: Foul Ball, location: 2F 2-2: Foul Ball, location: 2F 2-2: Foul Ball, location: 2F 2-2: Ball 3-2: Strikes out swinging
|
Batting: RHB Alex Harvey
|
0-0: Called Strike 0-1: Ball 1-1: Ball 2-1: Ball 3-1: Fly out, F6 (Line Drive, 6, EV 71.3 MPH)
|
Bottom of the 3rd over - 0 runs, 0 hits, 0 errors, 0 left on base; New Orleans 0 - Memphis 6 |
TOP OF THE 4TH |
New Orleans Zephyrs batting - Pitching for Memphis Redbirds : RHP Manuel Avitia
|
Batting: LHB Manny Barahona
|
0-0: Ball 1-0: Ball 2-0: Called Strike 2-1: Swinging Strike 2-2: Ground out 6-3 (Groundball, 6, EV 106.9 MPH)
|
Batting: LHB Kyle Goodwin
|
0-0: Ball 1-0: Called Strike 1-1: Foul Ball, location: 2F 1-2: Ball 2-2: Ball 3-2: Strikes out swinging
|
Batting: RHB Chris Pena
|
0-0: Swinging Strike 0-1: Swinging Strike 0-2: Ball 1-2: Strikes out looking
|
Top of the 4th over - 0 runs, 0 hits, 0 errors, 0 left on base; New Orleans 0 - Memphis 6 |
BOTTOM OF THE 4TH |
Memphis Redbirds batting - Pitching for New Orleans Zephyrs : RHP Philip Veenstra
|
Pitching: RHP Bezzi Saadauri
|
|
Batting: RHB Elliot Manfredini
|
0-0: Called Strike 0-1: Swinging Strike 0-2: Ground out 6-3 (Groundball, 6, EV 100.6 MPH)
|
Batting: RHB Hector Padilla
|
0-0: Ball 1-0: Ball 2-0: Ball 3-0: Called Strike 3-1: Foul Ball, location: 2F 3-2: Base on Balls
|
Batting: LHB Zack Berney
|
0-0: Ball 1-0: Called Strike 1-1: Ball Wild Pitch! Hector Padilla to second 2-1: Swinging Strike 2-2: Foul Ball, location: 2F 2-2: Ball 3-2: Base on Balls
|
Batting: RHB Francisco Hernandez
|
0-0: Swinging Strike 0-1: Ball Wild Pitch! Hector Padilla to third Zack Berney to second 1-1: Ball 2-1: Ball 3-1: Base on Balls
|
Pitching: LHP Oscar Patron
|
|
Batting: RHB Jose Vasquez
|
0-0: Ball 1-0: Ball 2-0: Ball 3-0: Called Strike 3-1: Swinging Strike 3-2: Foul Ball, location: 2F 3-2: Base on Balls Hector Padilla scores Zack Berney to third Francisco Hernandez to second
|
Batting: SHB Quido van Erp
|
0-0: Ball 1-0: Foul Ball, location: 2F 1-1: Ball 2-1: Ball 3-1: Base on Balls Zack Berney scores Francisco Hernandez to third Jose Vasquez to second
|
Batting: RHB Reed Ryan
|
0-0: Ball 1-0: Ball 2-0: Called Strike 2-1: DOUBLE (Flyball, 78D, EV 90.6 MPH) Francisco Hernandez scores Jose Vasquez scores Quido van Erp to third
|
Batting: LHB Paul Forbes
|
0-0: Ground out 3-1 (Groundball, 34S, EV 66.9 MPH) Quido van Erp scores Reed Ryan to third
|
Batting: RHB Alex Harvey
|
0-0: Ball 1-0: Ball 2-0: Called Strike 2-1: Ball 3-1: Base on Balls
|
Pitching: RHP Berend van der Wal
|
|
Batting: RHB Elliot Manfredini
|
0-0: Ball 1-0: Called Strike 1-1: Foul Ball, location: 2F 1-2: Foul Ball, location: 2F 1-2: Ball 2-2: Ball 3-2: Fly out, F3 (Popup, 3F, EV 77.5 MPH)
|
Bottom of the 4th over - 5 runs, 1 hit, 0 errors, 2 left on base; New Orleans 0 - Memphis 11 |
TOP OF THE 5TH |
New Orleans Zephyrs batting - Pitching for Memphis Redbirds : RHP Manuel Avitia
|
Batting: RHB Bobby Paredes
|
0-0: Foul Ball, location: 2F 0-1: Swinging Strike 0-2: Ball 1-2: Ball 2-2: Foul Ball, location: 2F 2-2: Strikes out looking
|
Batting: RHB Manny Gonzalez
|
0-0: Ball 1-0: Foul Ball, location: 2F 1-1: Fly out, F7 (Flyball, 78S, EV 85.0 MPH)
|
Batting: RHB Sergio Baeza
|
0-0: Ball 1-0: Called Strike 1-1: Ground out 3-1 (Groundball, 34, EV 81.3 MPH)
|
Top of the 5th over - 0 runs, 0 hits, 0 errors, 0 left on base; New Orleans 0 - Memphis 11 |
BOTTOM OF THE 5TH |
Memphis Redbirds batting - Pitching for New Orleans Zephyrs : RHP Berend van der Wal
|
Batting: RHB Hector Padilla
|
0-0: Ball 1-0: Ball 2-0: Ground out 4-3 (Groundball, 4M, EV 80.0 MPH)
|
Batting: LHB Zack Berney
|
0-0: SINGLE (Groundball, 4M, EV 103.8 MPH) (infield hit)
|
Batting: RHB Francisco Hernandez
|
0-0: Called Strike 0-1: Ball 1-1: Ball 2-1: Ball 3-1: Called Strike 3-2: Foul Ball, location: 2F 3-2: Base on Balls Zack Berney to second
|
Pitching: RHP Jonathan Leyva
|
|
Batting: RHB Jose Vasquez
|
0-0: Foul Ball, location: 2F 0-1: Ball 1-1: Foul Ball, location: 2F 1-2: Ball 2-2: SINGLE (Groundball, 34D, EV 103.1 MPH) Zack Berney to third Francisco Hernandez to second
|
Batting: SHB Quido van Erp
|
0-0: Ball 1-0: Ball 2-0: Ball 3-0: Called Strike 3-1: Swinging Strike 3-2: GRAND SLAM HOME RUN (Flyball, 78XD, EV 99.4 MPH), Distance : 406 ft
|
Batting: RHB Reed Ryan
|
0-0: Ball 1-0: Foul Ball, location: 2F 1-1: Fly out, F2 (Popup, 23F, EV 87.5 MPH)
|
Batting: LHB Paul Forbes
|
0-0: Swinging Strike 0-1: Ball 1-1: Ball 2-1: Ball 3-1: Base on Balls
|
Pitching: RHP Mike Gibbs
|
|
Batting: RHB Alex Harvey
|
0-0: Called Strike 0-1: Called Strike 0-2: 2-RUN HOME RUN (Flyball, 8LXD, EV 109.4 MPH), Distance : 441 ft
|
Batting: RHB Elliot Manfredini
|
0-0: Ball 1-0: Ball 2-0: Foul Ball, location: 2F 2-1: Fly out, F9 (Flyball, 9LS, EV 92.5 MPH)
|
Bottom of the 5th over - 6 runs, 4 hits, 0 errors, 0 left on base; New Orleans 0 - Memphis 17 |
TOP OF THE 6TH |
New Orleans Zephyrs batting - Pitching for Memphis Redbirds : RHP Manuel Avitia
|
Batting: LHB Philip Shirley
|
0-0: Called Strike 0-1: Called Strike 0-2: Ball 1-2: Ball 2-2: Ball 3-2: Strikes out swinging
|
Batting: RHB Chris Whitley
|
0-0: Ground out 6-3 (Groundball, P, EV 84.4 MPH)
|
Batting: LHB Tom Best
|
0-0: Ball 1-0: Called Strike 1-1: Ball 2-1: Swinging Strike 2-2: Foul Ball, location: 2F 2-2: Ball 3-2: Ground out 1-3 (Groundball, 13S, EV 68.1 MPH)
|
Top of the 6th over - 0 runs, 0 hits, 0 errors, 0 left on base; New Orleans 0 - Memphis 17 |
BOTTOM OF THE 6TH |
Memphis Redbirds batting - Pitching for New Orleans Zephyrs : RHP Mike Gibbs
|
Batting: RHB Hector Padilla
|
0-0: Ball 1-0: Ball 2-0: Fly out, F8 (Flyball, 8RD, EV 106.3 MPH)
|
Batting: LHB Zack Berney
|
0-0: Ball 1-0: Ball 2-0: Ball 3-0: Base on Balls
|
Batting: RHB Francisco Hernandez
|
0-0: Fly out, F7 (Flyball, 78XD, EV 103.8 MPH)
|
Batting: RHB Jose Vasquez
|
0-0: 2-RUN HOME RUN (Flyball, 89XD, EV 110.6 MPH), Distance : 443 ft
|
Batting: SHB Quido van Erp
|
0-0: Ball 1-0: Foul Ball, location: 2F 1-1: Ball 2-1: Called Strike 2-2: Ball 3-2: Base on Balls
|
Pitching: LHP Adrian Young
|
|
Batting: RHB Reed Ryan
|
0-0: Called Strike 0-1: Fielders Choice at 2nd, 6-4 (Groundball, 6, EV 83.8 MPH)
|
Bottom of the 6th over - 2 runs, 1 hit, 0 errors, 1 left on base; New Orleans 0 - Memphis 19 |
TOP OF THE 7TH |
New Orleans Zephyrs batting - Pitching for Memphis Redbirds : RHP Manuel Avitia
|
Batting: LHB Manny Barahona
|
0-0: Ground out 5-3 (Groundball, 5S, EV 65.0 MPH)
|
Batting: LHB Kyle Goodwin
|
0-0: Swinging Strike 0-1: Swinging Strike 0-2: Foul Ball, location: 2F 0-2: Strikes out swinging
|
Batting: RHB Chris Pena
|
0-0: Ball 1-0: Ball 2-0: SINGLE (Line Drive, 89M, EV 86.9 MPH)
|
Batting: RHB Bobby Paredes
|
0-0: Ball 1-0: Foul Ball, location: 2F 1-1: Swinging Strike 1-2: Foul Ball, location: 2F 1-2: Ground out 3-1 (Groundball, 34S, EV 90.0 MPH)
|
Top of the 7th over - 0 runs, 1 hit, 0 errors, 1 left on base; New Orleans 0 - Memphis 19 |
BOTTOM OF THE 7TH |
Memphis Redbirds batting - Pitching for New Orleans Zephyrs : LHP Adrian Young
|
Batting: RHB Kyle Scruggs
|
0-0: Ball 1-0: Ball 2-0: Ball 3-0: Base on Balls
|
Batting: RHB Alex Harvey
|
0-0: Called Strike 0-1: Ball 1-1: Foul Ball, location: 2F 1-2: 2-RUN HOME RUN (Flyball, 7D, EV 94.4 MPH), Distance : 366 ft
|
Batting: RHB Elliot Manfredini
|
0-0: Called Strike 0-1: Ball 1-1: Ball 2-1: Ball 3-1: Base on Balls
|
Batting: RHB Hector Padilla
|
0-0: Swinging Strike 0-1: Ball 1-1: Ground out 6-3 (Groundball, 6S, EV 75.6 MPH) Elliot Manfredini to second
|
Pitching: RHP Tim Catalano
|
|
Batting: LHB Zack Berney
|
0-0: Ball 1-0: SINGLE (Groundball, 6MD, EV 94.4 MPH) Elliot Manfredini to third Runner from 3rd tries for Home, SAFE, throw by CF to home
|
Batting: RHB Francisco Hernandez
|
0-0: Ball 1-0: Called Strike 1-1: Ball 2-1: Foul Ball, location: 2F 2-2: Ball 3-2: Base on Balls Zack Berney to second
|
Batting: RHB Jose Vasquez
|
0-0: Ball 1-0: Ball 2-0: Ball 3-0: Called Strike 3-1: Foul Ball, location: 2F 3-2: Foul Ball, location: 2F 3-2: Base on Balls Zack Berney to third Francisco Hernandez to second
|
Batting: SHB Quido van Erp
|
0-0: Called Strike 0-1: Ball 1-1: Ball 2-1: Ball 3-1: Foul Ball, location: 2F 3-2: Base on Balls Zack Berney scores Francisco Hernandez to third Jose Vasquez to second
|
Pitching: RHP Asao Saito
|
|
Batting: RHB Reed Ryan
|
0-0: DOUBLE (Flyball, 8RXD, EV 95.0 MPH) Francisco Hernandez scores Jose Vasquez scores Quido van Erp to third
|
Batting: RHB Kyle Scruggs
|
0-0: Ball 1-0: Called Strike 1-1: DOUBLE (Line Drive, 5D, EV 97.5 MPH) Quido van Erp scores Reed Ryan scores
|
Batting: RHB Alex Harvey
|
0-0: Ball 1-0: Ball 2-0: Foul Ball, location: 2F 2-1: Ball 3-1: Base on Balls
|
Batting: RHB Elliot Manfredini
|
0-0: Ball 1-0: Ball 2-0: Foul Ball, location: 2F 2-1: Fielders Choice at 2nd, 1-6 (Groundball, 13S, EV 73.1 MPH) Kyle Scruggs to third
|
Batting: RHB Hector Padilla
|
0-0: Ball Passed Ball! Kyle Scruggs scores Elliot Manfredini to second 1-0: Fly out, F8 (Flyball, 8RS, EV 86.9 MPH)
|
Bottom of the 7th over - 9 runs, 4 hits, 0 errors, 1 left on base; New Orleans 0 - Memphis 28 |
TOP OF THE 8TH |
New Orleans Zephyrs batting - Pitching for Memphis Redbirds : RHP Manuel Avitia
|
Batting: RHB Manny Gonzalez
|
0-0: Ball 1-0: Ball 2-0: Called Strike 2-1: Called Strike 2-2: Strikes out swinging
|
Batting: RHB Sergio Baeza
|
0-0: Fly out, F4 (Flyball, 34D, EV 85.6 MPH)
|
Batting: LHB Philip Shirley
|
0-0: Ball 1-0: Ball 2-0: SINGLE (Groundball, 4MD, EV 95.0 MPH)
|
Pitching: RHP Ari Kuusinen
|
|
Batting: RHB Chris Whitley
|
0-0: Foul Ball, location: 2F 0-1: Ball Wild Pitch! Philip Shirley to second 1-1: Foul Ball, location: 2F 1-2: SINGLE (Groundball, 34D, EV 106.9 MPH) Philip Shirley to third Runner from 3rd tries for Home, SAFE, throw by RF to home
|
Batting: LHB Tom Best
|
0-0: Ball 1-0: Ball 2-0: Foul Ball, location: 2F 2-1: Called Strike 2-2: Strikes out swinging
|
Top of the 8th over - 1 run, 2 hits, 0 errors, 1 left on base; New Orleans 1 - Memphis 28 |
BOTTOM OF THE 8TH |
Memphis Redbirds batting - Pitching for New Orleans Zephyrs : RHP Asao Saito
|
Batting: LHB Zack Berney
|
0-0: Ball 1-0: Ground out 4-3 (Groundball, 4, EV 90.0 MPH)
|
Batting: RHB Francisco Hernandez
|
0-0: Foul Ball, location: 2F 0-1: Swinging Strike 0-2: Ball 1-2: Foul Ball, location: 2F 1-2: Ground out U3 (Groundball, 34S, EV 86.9 MPH)
|
Batting: RHB Jose Vasquez
|
0-0: Ball 1-0: Foul Ball, location: 2F 1-1: Foul Ball, location: 2F 1-2: Ball 2-2: Foul Ball, location: 2F 2-2: Ball 3-2: Foul Ball, location: 2F 3-2: Fly out, F8 (Flyball, 8RM, EV 87.5 MPH)
|
Bottom of the 8th over - 0 runs, 0 hits, 0 errors, 0 left on base; New Orleans 1 - Memphis 28 |
TOP OF THE 9TH |
New Orleans Zephyrs batting - Pitching for Memphis Redbirds : RHP Ari Kuusinen
|
Batting: LHB Manny Barahona
|
0-0: Called Strike 0-1: Ball 1-1: Ball 2-1: Called Strike 2-2: Ball 3-2: Foul Ball, location: 2F 3-2: Fly out, F8 (Flyball, 78XD, EV 98.8 MPH)
|
Batting: LHB Kyle Goodwin
|
0-0: Ball 1-0: Ball 2-0: Ball 3-0: Called Strike 3-1: Called Strike 3-2: Strikes out swinging, 2-3 out at first.
|
Batting: RHB Chris Pena
|
0-0: Ball 1-0: Foul Ball, location: 2F 1-1: Foul Ball, location: 2F 1-2: Ball 2-2: Strikes out looking
|
Top of the 9th over - 0 runs, 0 hits, 0 errors, 0 left on base; New Orleans 1 - Memphis 28 |
|